Map: Proxima Station LE

Players

Rote - Winner!

  • Race: Terran Terran
  • Spawn Location: 7:00

WerA

  • Race: Zerg Zerg
  • Spawn Location: 1:00

Event: WCS Valencia 2017

VOD

Have the link to the VOD?

Description

Time

  • Played on: July 13, 2017, 7:34 a.m.
  • Length: 14:21

All games in this series

Show
View Real Time Build Order
Export as new Build Order

Rote Terran - Winner!

Build Orders: Reaper Expand, Hellion Banshee, MMM Bio 

Get SALT Encoding   

  12  0:00  SCV  
  13  0:12  SCV  
  14  0:17  Supply Depot  
  14  0:24  SCV  
  14  0:27  Refinery  
  15  0:39  SCV  
  16  0:45  Barracks  
  16  0:51  SCV  
  17  1:03  SCV  
  18  1:15  SCV  
  19  1:32  Orbital Command, Reaper  
  20  1:45  Command Center  
  20  1:57  Factory  
  20  1:59  SCV  
  21  2:05  Refinery  
  21  2:08  Barracks Reactor  
  21  2:11  SCV  
  22  2:17  Supply Depot  
  22  2:23  SCV  
  23  2:39  SCV  
  24  2:47  Starport  
  25  2:51  SCV  
  25  3:01  Orbital Command  
  25  3:08  Hellion x2  
  25  3:09  SCV  
  25  3:10  Barracks Tech Lab  
  30  3:21  SCV  
  31  3:27  SCV  
  31  3:32  Hellion x2  
  31  3:33  SCV  
  31  3:34  Cloaking Field  
  37  3:37  Banshee  
  37  3:39  SCV  
  41  3:45  Supply Depot  
  41  3:48  SCV  
  42  3:52  SCV  
  42  3:54  Hellion  
  45  4:00  SCV  
  46  4:05  Supply Depot  
  46  4:07  Hellion  
  48  4:12  SCV x2  
  48  4:16  Barracks Tech Lab  
  50  4:19  Banshee  
  53  4:24  SCV  
  54  4:34  Hellion x2  
  54  4:35  SCV  
  54  4:36  SCV  
  60  4:48  SCV x2, Command Center  
  62  4:58  Hellion  
  62  5:04  Hellion  
  59  5:14  SCV  
  59  5:15  SCV, Marine  
  59  5:20  Hellion  
  62  5:23  Banshee  
  61  5:34  SCV  
  62  5:37  SCV  
  62  5:42  Stimpack, Marine  
  58  5:48  Barracks  
  58  5:49  SCV  
  58  5:50  SCV  
  58  5:52  Refinery, Factory Reactor  
  58  5:53  Engineering Bay x2, Refinery, Barracks  
  58  5:54  Supply Depot x2  
  58  6:00  Marine  
  59  6:05  SCV x2  
  61  6:11  Orbital Command  
  61  6:17  SCV  
  61  6:18  Marine  
  63  6:29  Terran Infantry Armor Level 1, Terran Infantry Weapons Level 1  
  63  6:31  Starport Reactor  
  63  6:34  Supply Depot  
  63  6:39  Marine  
  65  6:41  Marine x2  
  66  6:48  Barracks  
  66  6:50  SCV  
  66  6:51  SCV  
  68  6:54  Barracks  
  68  6:55  Orbital Command  
  68  6:56  Siege Tank, Marine x2  
  68  6:57  Marine  
  68  6:59  Marine x2  
  76  7:03  SCV x2  
  78  7:14  Marine x2  
  78  7:15  SCV  
  81  7:21  Marine x3  
  81  7:22  Medivac x2  
  88  7:28  Siege Tank  
  91  7:32  Marine x2, SCV x2  
  91  7:33  SCV  
  96  7:39  Marine x2  
  96  7:40  Marine x2, Armory  
  100  7:44  SCV  
  101  8:00  Barracks Reactor  
  101  8:02  Barracks Reactor  
  101  8:05  Supply Depot  
  101  8:08  Marine x4, Supply Depot  
  101  8:09  Siege Tank, SCV  
  109  8:17  Supply Depot  
  109  8:26  Marine x4, SCV x3  
  116  8:28  Terran Infantry Weapons Level 2  
  116  8:30  Terran Infantry Armor Level 2, Medivac x2  
  116  8:33  Combat Shields  
  120  8:37  Marine x2  
  120  8:38  Marine x3  
  120  8:39  SCV x3  
  120  8:41  Siege Tank  
  131  8:43  Supply Depot  
  131  8:44  Marine x2  
  131  8:48  Marine  
  132  8:51  SCV  
  133  9:02  Marine x2  
  120  9:03  Marine x4  
  120  9:04  Medivac x2  
  120  9:07  Marine x2  
  120  9:08  Terran Vehicle Weapons Level 1  
  132  9:11  SCV x3  
  132  9:12  Refinery  
  132  9:13  Refinery  
  135  9:20  Siege Tank  
  135  9:21  Marine x3  
  141  9:26  Command Center  
  141  9:29  Factory  
  141  9:35  Marine  
  141  9:36  Marine x5, SCV x2  
  141  9:37  Supply Depot  
  141  9:38  Supply Depot  
  149  9:39  Supply Depot  
  149  9:58  Marine x7  
  149  9:59  Medivac x2  
  160  10:00  Supply Depot x2  
  160  10:10  Marine x2  
  162  10:16  Marine x3  
  162  10:29  Medivac x2  
  166  10:41  Marine x2  
  166  10:42  Marine  
  163  10:45  Marine x2  
  165  10:50  Marine x3  
  165  10:52  Factory Tech Lab  
  168  10:57  Planetary Fortress  
  168  10:59  Medivac x2  
  168  11:02  Marine x3, Command Center  
  168  11:03  Siege Tank  
  172  11:20  Marine x3  
  172  11:21  Siege Tank, Marine x3  
  181  11:29  Medivac x2  
  181  11:30  Terran Infantry Weapons Level 3, Terran Infantry Armor Level 3  
  181  11:35  Siege Tank  
  181  11:39  Marine x4  
  177  11:42  Marine x2  
  176  11:47  Marine  
  176  11:48  Marine x2  
  176  11:53  Siege Tank  
  178  11:57  Marine x4  
  178  11:59  Marine, Medivac  
  183  12:02  Marine  
  183  12:05  Marine x2  
  183  12:06  Marine  
  183  12:07  Siege Tank  
  176  12:15  Marine  
  177  12:20  Liberator x2  
  177  12:25  Marine x3  
  177  12:26  Siege Tank, Marauder, Marine x4  
  187  12:30  Command Center  
  187  12:34  Marine  
  184  12:39  Siege Tank  
  184  12:43  Marine x5  
  184  12:44  Marine x2  
  197  13:22  Marauder, Marine  
  189  13:35  Medivac  
  189  13:36  Marine x5, Medivac  
  189  13:37  Marine x2  
  188  13:56  Marauder, Marine x6  
Show
View Real Time Build Order
Export as new Build Order

WerA Zerg 

Build Orders: Hatch First 

Get SALT Encoding   

  12  0:00  Drone  
  13  0:12  Overlord  
  13  0:17  Drone  
  14  0:31  Drone x2  
  14  0:35  Drone  
  17  0:53  Hatchery  
  17  0:56  Drone  
  17  1:10  Spawning Pool  
  16  1:14  Extractor  
  16  1:15  Drone  
  16  1:18  Drone  
  16  1:21  Drone  
  18  1:28  Drone  
  19  1:39  Overlord  
  19  1:57  Queen  
  19  1:58  Zergling x2  
  19  2:00  Zergling x2  
  23  2:06  Queen  
  23  2:07  Drone  
  26  2:14  Metabolic Boost  
  26  2:16  Drone  
  26  2:17  Drone  
  28  2:23  Drone  
  28  2:29  Drone  
  30  2:39  Queen  
  30  2:40  Overlord  
  31  2:44  Drone x2  
  33  2:54  Drone x2  
  34  3:06  Hatchery  
  34  3:10  Drone x4  
  34  3:11  Drone  
  38  3:15  Overlord  
  38  3:23  Drone x4  
  42  3:30  Queen  
  42  3:32  Overlord  
  44  3:36  Drone x2  
  44  3:40  Extractor  
  45  3:42  Extractor, Drone  
  45  3:49  Drone x5  
  50  4:00  Drone  
  50  4:01  Drone x3  
  54  4:05  Evolution Chamber  
  54  4:07  Roach Warren  
  52  4:14  Overlord  
  52  4:22  Queen  
  53  4:34  Zergling x2  
  53  4:35  Zergling x6  
  53  4:36  Zergling x2  
  56  4:40  Zerg Ground Armor Level 1  
  56  4:41  Queen  
  58  4:47  Roach x6  
  68  4:58  Spore Crawler  
  63  5:00  Queen  
  63  5:04  Spore Crawler  
  63  5:06  Spore Crawler  
  59  5:10  Lair  
  57  5:14  Drone  
  57  5:15  Drone x5  
  57  5:20  Extractor  
  59  5:27  Drone x3  
  55  5:44  Spore Crawler  
  55  5:47  Drone  
  55  5:48  Drone x9  
  64  5:56  Queen  
  66  5:59  Drone  
  66  6:00  Drone x4  
  66  6:04  Overlord  
  71  6:10  Glial Reconstitution  
  67  6:18  Infestation Pit  
  67  6:21  Hydralisk Den  
  67  6:25  Roach  
  63  6:26  Roach x4  
  63  6:27  Roach  
  63  6:29  Overseer  
  70  6:32  Drone  
  70  6:33  Drone  
  71  6:40  Queen  
  71  6:44  Zerg Ground Armor Level 2  
  73  6:48  Overseer  
  73  6:54  Infestor x2  
  73  6:57  Drone x3  
  73  6:58  Drone x2  
  73  7:00  Overlord  
  82  7:02  Overlord  
  82  7:14  Hydralisk  
  82  7:19  Queen  
  82  7:22  Hydralisk x4  
  85  7:23  Hydralisk  
  91  7:35  Drone x2  
  93  7:41  Infestor x2  
  93  7:43  Zergling x2  
  98  7:44  Overlord x2  
  94  8:01  Hatchery  
  93  8:06  Queen  
  93  8:07  Drone  
  93  8:08  Drone x5  
  101  8:13  Burrow  
  101  8:14  Ravager x2  
  101  8:15  Ravager  
  101  8:16  Zergling x14  
  111  8:25  Extractor  
  111  8:26  Extractor  
  109  8:28  Muscular Augments  
  109  8:31  Evolution Chamber, Zergling x2  
  109  8:32  Zergling x6  
  111  8:47  Hatchery  
  107  8:50  Zergling x8  
  107  8:51  Zergling x4  
  107  8:52  Overlord x4  
  112  8:57  Overlord  
  112  8:58  Overlord x2  
  108  9:16  Hive, Drone  
  109  9:17  Drone x2  
  109  9:18  Zerg Melee Weapons Level 1  
  109  9:19  Zerg Missile Weapons Level 1  
  109  9:23  Hatchery  
  110  9:30  Ravager x3  
  112  9:56  Hatchery  
  112  10:02  Hydralisk x5  
  112  10:03  Zergling x2  
  112  10:04  Zergling x16  
  131  10:11  Pneumatized Carapace  
  131  10:12  Overseer  
  131  10:13  Overseer  
  129  10:18  Drone  
  129  10:19  Drone x4  
  117  10:43  Hydralisk x2  
  117  10:44  Hydralisk  
  117  10:45  Zergling x6  
  117  10:48  Ultralisk Cavern, Adrenal Glands  
  125  10:59  Zergling x22  
  136  11:08  Queen  
  136  11:13  Zerg Melee Weapons Level 2  
  136  11:14  Zerg Ground Armor Level 3  
  113  11:50  Queen x2  
  113  11:51  Queen  
  113  11:52  Ultralisk x5  
  139  12:06  Chitinous Plating  
  126  12:17  Ultralisk, Zergling x2  
  126  12:19  Overlord x2  
  126  12:20  Overlord x3  
  129  12:53  Ultralisk  
  129  12:54  Zergling x8  
  129  12:58  Infestor  
  139  13:02  Hatchery  
  140  13:15  Infestor  
  140  13:17  Infestor x3  
  127  13:35  Infestor x2  
  127  13:39  Zergling x8  
  127  13:40  Zergling x6  
Tags
 
Add a new tag
Caveats
  • Supply blocks, unpowered buildings, or Contaminate may cause inaccurate times.
  • Supply counts are checked every 10 seconds.